 Dungeon Crawl Stone Soup version 0.29-a0-338-g1ff7896281 (webtiles) character file.

Game seed: 10091693044617086978

4211 lynaghe the Cleaver (level 10, -1/90 HPs)
             Began as a Minotaur Berserker on Apr 18, 2022.
             Was an Elder of Trog.
             Slain by a phantasmal warrior (16 damage)
             ... led by a death knight
             ... on level 8 of the Dungeon.
             The game lasted 00:18:23 (9674 turns).

lynaghe the Cleaver (Minotaur Berserker)            Turns: 9674, Time: 00:18:26

Health: -1/90      AC: 13    Str: 26    XL:     10   Next: 8%
Magic:  9/9        EV: 13    Int:  4    God:    Trog [****..]
Gold:   558        SH:  5    Dex: 10    Spells: 9/9 levels left

rFire   . . .      SeeInvis .   J - +5 war axe
rCold   . . .      Faith    .   (no shield)
rNeg    . . .      Spirit   .   v - +0 plate armour
rPois   .          Reflect  +   (helmet restricted)
rElec   .          Harm     .   (no cloak)
rCorr   +          Rampage  .   (no gloves)
Will    .....                   (no boots)
Stlth   ..........              q - amulet of reflection
HPRegen 0.25/turn               o - +4 ring of evasion
MPRegen 0.11/turn               s - ring of resist corrosion

@: weak-willed, on berserk cooldown, slowed, very slow
A: horns 2, retaliatory headbutt
a: Renounce Religion, Berserk, Trog's Hand, Brothers in Arms


You were on level 8 of the Dungeon.
You worshipped Trog.
Trog was greatly pleased with you.
You visited 1 branch of the dungeon, and saw 8 of its levels.
You also visited: Sewer.

You collected 558 gold pieces.

Inventory:

Hand Weapons
 a - a +0 hand axe
 h - a +0 dagger of speed
 w - a +0 war axe
 H - the +3 woodcutter's axe {vorpal}
   (You found it on level 5 of the Dungeon)

   It inflicts extra damage upon your enemies.
 J - a +5 war axe (weapon)
 K - a +1 battleaxe
 O - a +4 battleaxe
Missiles
 D - 3 poisoned darts (quivered)
 I - 2 throwing nets
Armour
 b - a +0 animal skin
 r - a +0 chain mail
 v - a +0 plate armour (worn)
Jewellery
 e - a ring of protection from cold
 o - a +4 ring of evasion (left hand)
 q - an amulet of reflection (around neck)
 s - a ring of resist corrosion (right hand)
 C - an amulet of faith
Wands
 j - a wand of flame (35)
 G - a wand of digging (4)
 N - a wand of paralysis (6)
Scrolls
 c - 9 scrolls of identify {unknown}
 d - a scroll of blinking {unknown}
 i - a scroll of vulnerability {unknown}
 u - 2 scrolls of teleportation {unknown}
 x - 2 scrolls of brand weapon {unknown}
 y - a scroll of magic mapping {unknown}
 E - a scroll of fog {unknown}
 L - a scroll of torment {unknown}
 M - a scroll of silence {unknown}
Potions
 f - 2 potions of cancellation {unknown}
 g - 2 potions of degeneration {unknown}
 k - 2 potions of curing {unknown}
 l - 2 potions of flight {unknown}
 m - 4 potions of heal wounds {unknown}
 n - a potion of lignification {unknown}
 p - 3 potions of attraction {unknown}
 t - 3 potions of ambrosia {unknown}
 z - 4 potions of magic {unknown}
 A - 2 potions of brilliance {unknown}
 B - 4 potions of might {unknown}
 F - 2 potions of mutation {unknown}


   Skills:
 + Level 8.7 Fighting
 * Level 11.5 Axes
 + Level 8.3 Armour
 + Level 7.4 Dodging


You had 9 spell levels left.
You didn't know any spells.
Your spell library was empty.

Dungeon Overview and Level Annotations

Branches:
Dungeon (8/15)             Temple (0/1) D:4           Sewer (visited)
   Lair: D:8-11

Altars:
Ashenzari
Elyvilon
Qazlal
Uskayaw
Wu Jian

Shops:
D:2 =

Annotations:
D:8 exclusion: oklob sapling


Innate Abilities, Weirdness & Mutations

You have a pair of horns on your head.
You reflexively headbutt those who attack you in melee.


Message History

O - a +4 battleaxe You feel a strong urge to attack something.
A phantasmal warrior comes into view.
You feel your anger nearly subside.
You are no longer berserk.
You are exhausted.
You feel yourself slow down. The phantasmal warrior gestures at you.
The phantasmal warrior blinks!
The phantasmal warrior gestures at you.
The phantasmal warrior blinks!
The phantasmal warrior hits you but does no damage.
The phantasmal warrior barely misses you.
The phantasmal warrior gestures at you.
The phantasmal warrior blinks!
The phantasmal warrior attacks as you move away!
The phantasmal warrior hits you!!
Your willpower is stripped away!
You see here a jackal skeleton.
The phantasmal warrior gestures at you.
The phantasmal warrior blinks!
The phantasmal warrior gestures at you.
The phantasmal warrior blinks!
The phantasmal warrior gestures at you.
The phantasmal warrior blinks!
The phantasmal warrior attacks as you move away!
The phantasmal warrior hits you.
The phantasmal warrior barely misses you.
You furiously retaliate!
You headbutt the phantasmal warrior!
You fail to use your ability.
The phantasmal warrior hits you.
Aiming: Paralyse
Press: ? - help, Shift-Dir - straight line, f - phantasmal warrior
Aim: a phantasmal warrior (lightly damaged, chance to affect: 7%)
Okay, then.
Aiming: Paralyse
Press: ? - help, Shift-Dir - straight line, f - phantasmal warrior
Aim: a phantasmal warrior (lightly damaged, chance to affect: 7%)
The phantasmal warrior resists with almost no effort.
The phantasmal warrior hits you!
* * * LOW HITPOINT WARNING * * *
The phantasmal warrior hits you!
You die...

....#.........
....##........
.....#..##....
.....#...####.
.....##..#
....###..##
##### ....#
##..###...##
...##
#..#......#
..##
##......W@##
..#
#.........#
#.#
#.........##
#.♣
♣♣♣♣.......#
♣♣♣ ≈♣♣♣...÷.#
P.≈♣♣♣♣÷.#
≈≈≈≈♣♣♣..##
≈≈P≈≈≈♣...#
≈≈≈≈≈P♣...#


You could see a phantasmal warrior.

Vanquished Creatures
  A death knight (D:8)
  A phantasmal warrior (D:8)
  A troll (D:6)
  A steam dragon (D:6)
  2 sky beasts (D:7)
  An ice beast (D:6)
  2 ogres
  2 phantoms (D:5)
  Blork the orc (D:4)
  3 kobold brigands
  A gnoll sergeant (D:5)
  3 bullfrogs
  2 necrophages
  3 scorpions
  5 wights (D:6)
  3 killer bees (D:7)
  An electric eel (D:6)
  A gnoll shaman (D:5)
  6 hounds
  3 jellies
  4 orc priests (D:5)
  Natasha (thrice) (D:2)
  2 iguanas
  2 orc wizards (D:5)
  15 gnolls
  12 adders
  A white imp (D:7)
  A worm (D:4)
  3 dart slugs
  21 orcs
  10 endoplasms
  3 giant cockroaches
  10 goblins
  3 hobgoblins (D:1)
  10 jackals
  13 kobolds
  6 quokkas
  10 ball pythons
  8 bats
  3 frilled lizards
  7 rats
190 creatures vanquished.

Vanquished Creatures (others)
  A fungus (Sewer)
  9 plants
10 creatures vanquished.

Grand Total: 200 creatures vanquished

Notes
Turn   | Place    | Note
-------+----------+-------------------------------------------
     0 | D:1      | lynaghe the Minotaur Berserker began the quest for the Orb.
     0 | D:1      | Reached XP level 1. HP: 19/19 MP: 0/0
   392 | D:1      | Reached XP level 2. HP: 27/27 MP: 1/1
   676 | D:1      | Reached skill level 4 in Axes
   838 | D:1      | Reached ** piety under Trog
   839 | D:1      | Reached XP level 3. HP: 32/33 MP: 2/2
  1817 | D:2      | Noticed Natasha
  1822 | D:2      | Killed Natasha
  2127 | D:2      | Reached XP level 4. HP: 28/40 MP: 3/3
  2222 | D:2      | Found Ucecw's Jewellery Emporium.
  2259 | D:2      | Found a faded altar of an unknown god.
  2875 | D:2      | Noticed Natasha
  2880 | D:2      | Killed Natasha
  3036 | D:2      | Noticed Natasha
  3047 | D:2      | Killed Natasha
  3246 | D:3      | Reached skill level 5 in Axes
  3418 | D:3      | Reached XP level 5. HP: 36/47 MP: 4/4
  4539 | D:4      | Found a glowing drain.
  4550 | D:4      | Noticed Blork the orc
  4563 | D:4      | Killed Blork the orc
  4564 | D:4      | Reached skill level 5 in Fighting
  4564 | D:4      | Reached XP level 6. HP: 33/56 MP: 5/5
  4586 | D:4      | Found a staircase to the Ecumenical Temple.
  4596 | D:4      | Reached skill level 6 in Axes
  5150 | D:4      | Reached XP level 7. HP: 61/61 MP: 6/6
  5296 | Sewer    | Entered a sewer
  5310 | Sewer    | Reached *** piety under Trog
  5331 | Sewer    | Reached skill level 7 in Axes
  5331 | Sewer    | Reached skill level 5 in Armour
  5924 | D:5      | Entered Level 5 of the Dungeon
  6401 | D:5      | Reached XP level 8. HP: 70/70 MP: 7/7
  6448 | D:5      | Reached **** piety under Trog
  6449 | D:5      | Reached skill level 8 in Axes
  6449 | D:5      | Reached skill level 5 in Dodging
  6707 | D:5      | Found a broken altar of Ashenzari.
  7198 | D:5      | Found the +3 woodcutter's axe {vorpal}
  7688 | D:5      | Found a stormy altar of Qazlal.
  7732 | D:6      | Noticed a troll
  7738 | D:6      | Killed a troll
  7739 | D:6      | Reached skill level 9 in Axes
  8001 | D:6      | Reached XP level 9. HP: 77/79 MP: 8/8
  8258 | D:6      | Reached skill level 10 in Axes
  8340 | D:6      | Found an ornate altar of the Wu Jian Council.
  8355 | D:6      | Found a white marble altar of Elyvilon.
  8838 | D:7      | Found a hide-covered altar of Uskayaw.
  9298 | D:8      | Noticed a phantasmal warrior
  9313 | D:8      | HP: 5/121 [phantasmal warrior[a death knight] (6)]
  9316 | D:8      | Killed a phantasmal warrior
  9317 | D:8      | Reached skill level 11 in Axes
  9630 | D:8      | Noticed a death knight
  9630 | D:8      | Noticed a freezing wraith
  9657 | D:8      | Killed a death knight
  9658 | D:8      | Reached XP level 10. HP: 80/90 MP: 9/9
  9659 | D:8      | Noticed a phantasmal warrior
  9674 | D:8      | Slain by a phantasmal warrior

Illustrated notes

Levels and vault maps discovered:
D:1:      dpeg_arrival_round_a, layout_loops_corners
D:2:      layout_basic, hellmonk_ecumenical_altar_zigzags, serial_shops, shop,
          kennysheep_generic_room_12, uniq_natasha
D:3:      layout_basic, minmay_misc_feat_columns, roderic_lattice_a,
          chequers_serial_rivers_large_a, corner_web_ring
D:4:      minmay_door_path, layout_loops_ring, minmay_temple_entry_purple_smoke,
          gup_sewer_entry_glass, uniq_blork_the_orc
D:5:      layout_loops_corners, nicolae_qazlal_eye_of_the_storm,
          kennysheep_little_box, hellmonk_bongcloud_opening,
          pf_guarded_unrand_woodcutter
D:6:      layout_rooms, mainiacjoe_overflow_catch_the_wave,
          kennysheep_big_empty_room, minivault_25, kennysheep_small_square
D:7:      layout_rooms, eat_drink_and_be_merry_uskayaw
D:8:      layout_cave_pods, introduction_to_nature_2

Skill      XL: |  1  2  3  4  5  6  7  8  9 |
---------------+----------------------------+-----
Fighting       | 4 5 6 7 8 |  8.7
Axes           | 4 5 6 7 9 11 | 11.5
Armour         | 3 4 5 6 8 |  8.3
Dodging        | 3 4 6 7 |  7.4

Action                   |  1- 3 |  4- 6 |  7- 9 | 10-12 || total
-------------------------+-------+-------+-------+-------++-------
Melee: Hand axe          |    75 |    79 |       |       ||   154
       Punch             |     1 |     2 |     3 |       ||     6
       Headbutt          |     6 |    15 |    42 |       ||    63
       War axe           |       |    32 |   256 |       ||   288
       Battleaxe         |       |       |    27 |       ||    27
Invok: Berserk           |       |       |     4 |       ||     4
       Trog's Hand       |       |       |     1 |       ||     1
Evoke: Wand              |       |       |       |     1 ||     1
 Stab: Sleeping          |     1 |       |       |       ||     1
Armor: Animal skin       |    15 |     8 |       |       ||    23
       Chain mail        |       |     6 |       |       ||     6
       Plate armour      |       |    13 |    82 |     1 ||    96
Dodge: Dodged            |    57 |    65 |   163 |     2 ||   287
Block: Other             |       |    17 |    60 |       ||    77
       Reflection        |       |     2 |     1 |       ||     3

Table legend: (Time is in decaauts)
 A = Elapsed time spent in this place.
 B = Non-inter-level travel time spent in this place.
 C = Inter-level travel time spent in this place.
 D = Time resting spent in this place.
 E = Time spent auto-exploring this place.
 F = Levels seen in this place.
 G = Mean time per level.
                   A        B        C        D        E       F      G
               +--------+--------+--------+--------+--------+-----+--------+
         Total |   9776 |   9061 |    715 |    496 |   7068 |   9 | 1086.2 |
       Dungeon |   9390 |   8675 |    715 |    496 |   6799 |   8 | 1173.8 |
         Sewer |    386 |    386 |      0 |      0 |    268 |   1 |  386.0 |
               +--------+--------+--------+--------+--------+-----+--------+

Top non-repeatable levels by time:
     D:5: 1824 daAuts
     D:2: 1816 daAuts
     D:1: 1430 daAuts
     D:3: 1327 daAuts
     D:4: 1035 daAuts
     D:6: 959 daAuts
     D:7: 498 daAuts
     D:8: 497 daAuts
   Sewer: 386 daAuts
